 Dungeon Crawl Stone Soup version 0.31-a0-986-g5e6e4ef867 (webtiles) character file.

Game seed: 17806027549699398808

64 javelincjr the Trooper (level 3, -2/34 HPs)
             Began as a Minotaur Fighter on Nov 7, 2023.
             Was a Follower of Kikubaaqudgha.
             Slain by Sigmund
             ... wielding a +0 scythe
              (6 damage)
             ... on level 2 of the Dungeon.
             The game lasted 00:03:54 (1099 turns).

javelincjr the Trooper (Minotaur Fighter)           Turns: 1099, Time: 00:03:54

Health: -2/34      AC:  7    Str: 20    XL:     3   Next: 91%
Magic:  11/11      EV:  9    Int:  7    God:    Kikubaaqudgha [*.....]
Gold:   54         SH:  4    Dex:  9    Spells: 2/2 levels left

rFire   . . .        a - +0 war axe
rCold   . . .        c - +0 buckler
rNeg    . . .        b - +0 scale mail
rPois   .            (helmet restricted)
rElec   .            (no cloak)
rCorr   .            (no gloves)
SInv    .            (no boots)
Will    .....        (no amulet) Stlth
                     e - ring of magical power
HPRegen 0.25/turn    (no ring)
MPRegen 0.12/turn

%: no passive effects
@: mighty
A: horns 2, retaliatory headbutt
a: Renounce Religion, Unearth Wretches


You were on level 2 of the Dungeon.
You worshipped Kikubaaqudgha.
Kikubaaqudgha was aware of your devotion.
You visited 1 branch of the dungeon, and saw 2 of its levels.

You collected 54 gold pieces.

Inventory:

Hand Weapons
 a - a +0 war axe (weapon)
Missiles
 j - 13 stones
Armour
 b - a +0 scale mail (worn)
 c - a +0 buckler (worn)
Magical Staves
 m - a staff of conjuration
Jewellery
 e - a ring of magical power (left hand)
Scrolls
 f - a scroll of revelation {unknown}
 i - 2 scrolls of identify {unknown}
 l - a scroll of noise {unknown}
Potions
 g - a potion of curing {unknown}
 h - 2 potions of attraction {unknown}
 k - 2 potions of mutation {unknown}
 n - a potion of degeneration {unknown}


   Skills:
 * Level 4.4 Fighting
 + Level 2.9 Axes
 + Level 4.0 Armour
 + Level 1.2 Dodging
 + Level 4.1 Shields
 + Level 0.1 Spellcasting
 + Level 0.2 Necromancy


You had 2 spell levels left.
You didn't know any spells.
Your spell library contained the following spells:

 Spells                   Type           Power      Damage    Failure   Level
 Necrotise                Necr           0%         1d4       82%         1
 Kiss of Death            Conj/Necr      0%         2d5       83%         1
 Sublimation of Blood     Necr           0%         N/A       91%         2
 Cigotuvi's Dreadful Rot  Necr/Pois/Air  0%         N/A       93%         2


Dungeon Overview and Level Annotations

Branches:
Dungeon (2/15)

Altars:
Kikubaaqudgha

Annotations:
D:2 Sigmund


Innate Abilities, Weirdness & Mutations

You have a pair of horns on your head.
You reflexively headbutt those who attack you in melee.


Message History

You slash the adder! Your headbutt misses the adder.
The adder is almost dead.
You feel sick.
The adder bites you but does no damage. x2
You barely miss the adder.
The adder is almost dead.
You feel sick. The adder bites you but does no damage.
The adder barely misses you.
You hit the adder.
You kill the adder!
Kikubaaqudgha accepts your kill.
You feel sick.
You are no longer poisoned.
No target in view!
HP restored.
Found a leather armour.
Sigmund the Dreaded comes into view.
He is wielding a +0 scythe.
Sigmund shouts!
You feel very mighty all of a sudden.
Sigmund gestures wildly while chanting.
Sigmund flickers and vanishes!
Deactivating autopickup; reactivate with Ctrl-A.
You block something's attack. Something hits you but does no damage.
You slash something! Your headbutt misses something.
A bat comes into view.
You miss something. Something hits you.
You slash something! You block the bat's attack. Something hits you!
You miss something. Your headbutt misses something. You miss the bat.
You block the bat's attack. Something hits you.
You miss something. Your headbutt misses something. The bat closely misses you.
The bat hits you but does no damage. Something hits you!
* * * LOW HITPOINT WARNING * * *
You closely miss something. You closely miss the bat.
You block the bat's attack. Something hits you.
* * * LOW HITPOINT WARNING * * *
You miss something. The bat hits you.
* * * LOW HITPOINT WARNING * * *
Something hits you.
You die...
Kikubaaqudgha rasps: "You have failed me!
Welcome... death!"

..............# #
..............##########
..............##........
..........†...##........
..............##........
.......b.....†..........
........#...#...........
..#+#...###.#...........
#....@# #.#...##'##'#.
.......{# #.#...##.##.+.
.......## #.#...##.####.
....... #.#...##+# #.
..##... #...# ###. ##
#... #... #... .... #...
..... ..#... ..#...


You could see a bat.

Vanquished Creatures
  3 adders (D:2)
  A dart slug (D:1)
  5 endoplasms (D:1)
  3 goblins (D:1)
  2 hobgoblins (D:1)
  4 jackals (D:1)
  3 kobolds (D:1)
  A quokka (D:1)
  5 ball pythons (D:1)
  3 bats
  A frilled lizard (D:1)
  3 rats
34 creatures vanquished.

Notes
Turn   | Place    | Note
-------+----------+-------------------------------------------
     0 | D:1      | javelincjr the Minotaur Fighter began the quest for the
                  | Orb.
     0 | D:1      | Reached XP level 1. HP: 19/19 MP: 0/0
   376 | D:1      | Reached XP level 2. HP: 27/27 MP: 1/1
   523 | D:1      | Reached skill level 1 in Dodging
   589 | D:1      | Found a faded altar of an unknown god.
   596 | D:1      | Prayed at the altar of an unknown god.
   596 | D:1      | Became a worshipper of Kikubaaqudgha
   596 | D:1      | Reached * piety under Kikubaaqudgha
   596 | D:1      | Received a gift from Kikubaaqudgha
   826 | D:1      | Reached XP level 3. HP: 33/33 MP: 2/2
  1088 | D:2      | Noticed Sigmund
  1099 | D:2      | Slain by Sigmund

Illustrated notes

Levels and vault maps discovered:
D:1:      eino_arrival_cavern_a, layout_basic, ebering_ecumenical_altar_mist
D:2:      layout_basic, uniq_sigmund

Skill      XL: |  1  2  3 |
---------------+----------+-----
Fighting       | 4 |  4.4
Dodging        | 1 |  1.2
Shields        | 4 |  4.1
Armour         | 4 |  4.0
Axes           | |  2.9
Spellcasting   | |  0.1
Necromancy     | |  0.2

Action                     || total
---------------------------++-------
  Melee: War axe           ||    76
         Headbutt          ||    15
    Use: Potion            ||     1
 Armour: Scale mail        ||    67
  Dodge: Dodged            ||    35
  Block: Buckler           ||    17

Table legend: (Time is in decaauts)
 A = Elapsed time spent in this place.
 B = Non-inter-level travel time spent in this place.
 C = Inter-level travel time spent in this place.
 D = Time resting spent in this place.
 E = Time spent auto-exploring this place.
 F = Levels seen in this place.
 G = Mean time per level.
                   A        B        C        D        E       F      G
               +--------+--------+--------+--------+--------+-----+--------+
         Total |   1128 |   1071 |     57 |      0 |    855 |   2 |  564.0 |
       Dungeon |   1128 |   1071 |     57 |      0 |    855 |   2 |  564.0 |
               +--------+--------+--------+--------+--------+-----+--------+

Top non-repeatable levels by time:
     D:1: 976 daAuts
     D:2: 151 daAuts
